 Dungeon Crawl Stone Soup: Circus Animals version v1.3.0-269-g8eee7be (webtiles) character file.

39057 MuMo the Peltast (level 17, -16/191 HPs) *STANDARD*
             Began as a Demonspawn Gladiator on Apr 23, 2016.
             Was the Champion of Dithmenos.
             Shot with a silver bolt by a naga sharpshooter (18 damage)
             ... led by Vashnia
             ... on level 2 of the Snake Pit.
             The game lasted 01:09:33 (29291 turns).

MuMo the Peltast (Demonspawn Gladiator)            Turns: 29291, Time: 01:09:34

Health: -16/191    AC: 29    Str: 16    XL:     17   Next: 10%
Magic:  37/37      EV: 12    Int: 17    God:    Dithmenos [******]
Gold:   1610       SH: 14    Dex: 16    Spells: 0 memorised, 16 levels left

rFire  . . .     SeeInvis +     q - +4 demon blade (venom)
rCold  + + .     Gourm    .     D - +4 chain mail of Honour {Stlth+}
rNeg   + + .     Faith    .     k - +0 shield
rPois  +         Spirit   .     c - +1 helmet
rElec  +         Dismiss  .     l - +2 cloak of the Thief {+Fog Slay-2 SInv Stlth+}
rCorr  .         Reflect  .     b - +2 pair of gloves of Tenacity {rElec rPois Regen+ Stlth+}
SustAt .         Harm     .     f - +1 pair of boots
MR     ++...                    y - amulet "Ranimif" {RegenMP *Contam rN++ Int+3 Stlth+}
Stlth  ++++++++++               p - ring of stealth
                                e - ring of protection from magic

@: very slightly contaminated, wreathed by umbra, studying Armour, invisible,
slow, very resistant to hostile enchantments, uncannily stealthy
A: talons 2, icy blue scales 3, clever 1, clumsy 1, cold resistance 1, low sp 1,
nightstalker 1, powered by death 3, fuming 1
a: Shadow Step, Shadow Form, Renounce Religion, Evoke Fog


You were on level 2 of the Snake Pit.
You worshipped Dithmenos.
Dithmenos was exalted by your worship.
You were not hungry.

You visited 5 branches of the dungeon, and saw 30 of its levels.
You also visited: Labyrinth, Sewer and Ossuary.

You collected 4802 gold pieces.
You spent 3192 gold pieces at shops.

Inventory:

Hand Weapons
 q - a +4 demon blade of venom (weapon)
Missiles
 d - 4 throwing nets (quivered)
Armour
 b - the +2 pair of gloves of Tenacity (worn) {rElec rPois Regen+ Stlth+}
   (You bought it in a shop on level 4 of the Orcish Mines)

   It insulates you from electricity.
   It protects you from poison.
   It increases your rate of regeneration.
   It makes you more stealthy.
 c - a +1 helmet (worn)
 f - a +1 pair of boots (worn)
 j - a +0 leather armour of fire resistance
 k - a +0 shield (worn)
 l - the +2 cloak of the Thief (worn) {+Fog Slay-2 SInv Stlth+}
   (You bought it in a shop on level 4 of the Orcish Mines)

   It affects your accuracy and damage with ranged weapons and melee attacks
   (-2).
   It lets you see invisible.
   It can be evoked to emit clouds of fog.
   It makes you more stealthy.
 n - a +2 large shield
 o - a +2 crystal plate armour
 z - a +0 troll leather armour
 D - the +4 chain mail of Honour (worn) {Stlth+}
   (You found it on level 4 of the Lair of Beasts)

   It makes you more stealthy.
Rods
 A - a +7 rod of ignition (12/12)
   (You found it in a labyrinth)
Jewellery
 a - an uncursed ring of resist corrosion
 e - a ring of protection from magic (left hand)
 g - an uncursed ring of sustain attributes
 i - an uncursed amulet of guardian spirit
 p - a ring of stealth (right hand)
 y - the amulet "Ranimif" (around neck) {RegenMP *Contam rN++ Int+3 Stlth+}
   (You found it in a labyrinth)

   [amulet of magic regeneration]

   It increases your magic regeneration.
   It affects your intelligence (+3).
   It greatly protects you from negative energy.
   It causes magical contamination when unequipped.
   It makes you more stealthy.
Wands
 r - a wand of lightning (15/45)
 t - a wand of iceblast (12/45)
 w - a wand of slowing (21/48)
Scrolls
 c - 8 scrolls of teleportation
 d - 4 scrolls of blinking
 n - 3 scrolls of immolation
 w - a scroll of recharging
 y - 3 scrolls of remove curse
Potions
 b - 6 potions of flight
 e - 6 potions of curing
 h - 2 potions of invisibility
 j - 4 potions of brilliance
 o - 6 potions of agility
 r - 3 potions of degeneration
 s - 2 potions of cancellation
 v - 2 potions of haste
 x - 3 potions of lignification
 z - 2 potions of cure mutation {unknown}
 A - a potion of ambrosia
 B - a potion of heal wounds
Books
 a - a book of Death

   Spells                             Type                      Level
   a - Corpse Rot                     Necromancy                   2
   b - Sublimation of Blood           Necromancy                   2
   c - Agony                          Necromancy                   5
   d - Dispel Undead                  Necromancy                   5
   e - Excruciating Wounds            Charms/Necromancy            5
   f - Bolt of Draining               Conjuration/Necromancy       5
 g - a book of the Tempests

   Spells                             Type                      Level
   a - Static Discharge               Conjuration/Air              3
   b - Lightning Bolt                 Conjuration/Air              5
   c - Fireball                       Conjuration/Fire             5
   d - Tornado                        Air                          9
   e - Shatter                        Earth                        9
 i - a book of Party Tricks

   Spells                             Type                      Level
   a - Summon Butterflies             Summoning                    1
   b - Apportation                    Translocation                1
   c - Tukima's Dance                 Hexes                        3
   d - Alistair's Intoxication        Transmutation/Poison         5
   e - Invisibility                   Hexes                        6
 k - a book of Fire

   Spells                             Type                      Level
   a - Ignite Poison                  Fire/Transmutation/Poison    3
   b - Fireball                       Conjuration/Fire             5
   c - Bolt of Fire                   Conjuration/Fire             6
   d - Delayed Fireball               Conjuration/Fire             7
   e - Ring of Flames                 Charms/Fire                  7
   Dithmenos disapproves of the use of such an item.
 l - a book of Annihilations

   Spells                             Type                      Level
   a - Poison Arrow                   Conjuration/Poison           6
   b - Chain Lightning                Conjuration/Air              8
   c - Lehudib's Crystal Spear        Conjuration/Earth            8
   d - Glaciate                       Conjuration/Ice              9
   e - Fire Storm                     Conjuration/Fire             9
 m - a book of Battle

   Spells                             Type                      Level
   a - Infusion                       Charms                       1
   b - Shroud of Golubria             Charms/Translocation         2
   c - Song of Slaying                Charms                       2
   d - Spectral Weapon                Hexes/Charms                 3
   e - Regeneration                   Charms/Necromancy            3
 q - a book of the Dragon

   Spells                             Type                      Level
   a - Flame Tongue                   Fire                         1
   b - Cause Fear                     Hexes                        4
   c - Bolt of Fire                   Conjuration/Fire             6
   d - Dragon Form                    Transmutation                7
   e - Dragon's Call                  Summoning                    9
 u - a book of Dreams

   Spells                             Type                      Level
   a - Ensorcelled Hibernation        Hexes/Ice                    2
   b - Silence                        Hexes/Air                    5
   c - Darkness                       Hexes                        6
   d - Shadow Creatures               Summoning                    6
 C - a book of the Sky

   Spells                             Type                      Level
   a - Airstrike                      Air                          4
   b - Summon Lightning Spire         Summoning/Air                5
   c - Silence                        Hexes/Air                    5
   d - Deflect Missiles               Charms/Air                   6
   e - Conjure Ball Lightning         Conjuration/Air              6
   f - Tornado                        Air                          9
 D - a book of Debilitation

   Spells                             Type                      Level
   a - Corona                         Hexes                        1
   b - Slow                           Hexes                        2
   c - Tukima's Dance                 Hexes                        3
   d - Inner Flame                    Hexes/Fire                   3
   e - Cause Fear                     Hexes                        4
   f - Summon Mana Viper              Hexes/Summoning              5
 E - a Grand Grimoire

   Spells                             Type                      Level
   a - Monstrous Menagerie            Summoning                    7
   b - Summon Greater Demon           Summoning                    7
   c - Malign Gateway                 Summoning/Translocation      7
   d - Summon Horrible Things         Summoning                    8
 F - the Collected Works on Enchantment and Dislocation
   (You found it on level 1 of the Snake Pit)

   Spells                             Type                      Level
   a - Slow                           Hexes                        2
   b - Gell's Gravitas                Hexes/Translocation          3
   c - Force Lance                    Conjuration/Translocation    4
   d - Yara's Violent Unravelling     Hexes/Transmutation          5
   e - Metabolic Englaciation         Hexes/Ice                    5
 G - a manual of
Armour
 H - a book of Summonings

   Spells                             Type                      Level
   a - Recall                         Summoning/Translocation      3
   b - Aura of Abjuration             Summoning                    5
   c - Summon Demon                   Summoning                    5
   d - Summon Forest                  Summoning/Translocation      5
   e - Summon Mana Viper              Hexes/Summoning              5
   f - Shadow Creatures               Summoning                    6
Miscellaneous
 m - 2 phantom mirrors
Comestibles
 f - 4 bread rations
 p - 6 beef jerkies
 t - 36 fruits


   Skills:
 + Level 8.8 Fighting
   Level 2.4(8.3) Short Blades
 * Level 12.1(12.2) Long Blades
 - Level 1.7 Throwing
 * Level 7.0 Armour
 + Level 12.6 Dodging
 * Level 13.7 Stealth
 + Level 15.7 Shields
 - Level 4.4 Invocations


You had 16 spell levels left.
You didn't know any spells.

Dungeon Overview and Level Annotations

Branches:
Dungeon (15/15)            Temple (1/1) D:6            Lair (8/8) D:9
 Shoals (0/4) Lair:6        Snake (2/4) Lair:6        Slime (0/6) Lair:6
    Orc (4/4) D:10            Elf (0/3) Orc:3        Vaults (0/5) D:13
 Depths (0/5) D:15

Altars:
Ashenzari
Cheibriados
Dithmenos
Elyvilon
Fedhas
Gozag
Kikubaaqudgha
Makhleb
Nemelex Xobeh
Okawaru
Pakellas
Qazlal
Ru
Sif Muna
Trog
Vehumet
Xom
Yredelemnul
Zin
The Shining One
Jiyva

Shops:
D:13 :[!?(   Orc:4 [=%[[

Annotations:
Snake:2 Vashnia


Innate Abilities, Weirdness & Mutations

You have razor-sharp toenails.
You are completely covered in icy blue scales (AC +4, EV -1, rC+).
You are slightly more attuned to the shadows.
You regenerate a lot of health from kills.
Your mind is acute. (Int +2)
You are clumsy. (Dex -2)
Your flesh is cold resistant.
Your stamina capacity is low (-25% SP).
You emit clouds of smoke.


Message History

You closely miss Vashnia.
Vashnia is moderately wounded.
The naga sharpshooter shoots a silver bolt.
You block the silver bolt.
You hit Vashnia but do no damage.
Vashnia is moderately wounded.
Vashnia shoots a bolt.
The bolt hits you (6).
* * * LOW HITPOINT WARNING * * *
You emit a cloud of dark smoke.
The bolt burns you. (3)
* * * LOW HITPOINT WARNING * * *
Unknown command.
You slash Vashnia (12)!
Vashnia is moderately wounded.
The naga sharpshooter mumbles some strange words.
The naga sharpshooter magically shoots a silver bolt.
The silver bolt hits you (27)!!
* * * LOW HITPOINT WARNING * * *
The silver sears you! (18)
You die...

####################
#..........:..N§§§.##
.############§§§@§§.#
.# #§§§§N§..# ##
#.§N§§§§...# #
#..§§§§§...#
.............
.............
########.....


You could see Vashnia and 2 naga sharpshooters.

Vanquished Creatures
  Kirke (D:15)
  An orc warlord (Orc:3)
  Nessos (Lair:8)
  The ghost of Username the Severer, a journeyman MiGl of Okawaru (Lair:3)
  Snorg (Lair:4)
  A minotaur (Lab)
  4 slime creatures (D:15)
  Josephine (D:12)
  8 hydras
  2 centaur warriors
  2 anacondas
  4 ogre magi (Orc:4)
  2 dancing weapons (D:13)
  A queen ant (Lair:6)
  5 death yaks
  A shock serpent (Snake:1)
  A naga sharpshooter (Snake:2)
  4 skeletal warriors (D:11)
  4 unseen horrors
  A wizard (D:15)
  2 hill giants
  6 deep elf magi
  2 lindwurms (Lair:6)
  A necromancer (D:15)
  7 ugly things
  2 salamanders (Snake:2)
  3 elephants (Lair:5)
  3 manticores
  2 cyclopes
  A naga mage (Snake:1)
  12 black mambas
  14 spiny frogs
  3 gargoyles
  A guardian serpent (Lair:6)
  Psyche (D:8)
  A freezing wraith (D:15)
  A redback zombie (D:15)
  5 rime drakes
  13 komodo dragons
  6 trolls
  A spriggan druid (Lair:8)
  A wolf spider simulacrum (D:15)
  7 polar bears
  Grinder (D:5)
  12 two-headed ogres (Orc:4)
  45 blink frogs
  11 spriggans (Lair:8)
  A centaur simulacrum (D:15)
  5 wraiths
  2 wyverns
  7 redbacks (Lair:8)
  A shadow (D:11)
  3 basilisks
  41 yaks
  4 vampire mosquitoes (Lair:1)
  4 hogs (D:15)
  9 hippogriffs
  2 hungry ghosts
  A steam dragon (D:10)
  Edmund (D:5)
  A mottled dragon (D:12)
  2 insubstantial wisps (Lair:1)
  7 wargs
  5 nagas
  7 soldier ants (Lair:6)
  9 porcupines
  14 water moccasins
  A swamp drake (Lair:1)
  7 sky beasts
  19 orc warriors
  2 ice beasts
  7 black bears
  33 ogres
  3 wasps (Lair:8)
  5 phantoms
  A necrophage (D:10)
  9 centaurs
  20 wolves (Lair:8)
  12 crocodiles
  2 big kobolds
  Blork the orc (D:4)
  An earth elemental (Lab)
  21 giant frogs
  A wyvern skeleton (D:9)
  4 scorpions
  A water moccasin skeleton (D:14)
  9 killer bees
  3 vampire bats (Lair:7)
  16 wights
  13 howler monkeys
  2 electric eels
  4 crimson imps
  6 centaur zombies
  A giant frog zombie (D:12)
  2 giant frog skeletons (D:12)
  4 hounds
  3 jellies
  16 orc priests
  32 orc wizards
  4 centaur skeletons
  14 iguanas
  2 sirens
  5 hell rats (Lair:6)
  26 worker ants
  A merfolk avatar (Sewer)
  20 sheep
  4 big kobold zombies (Ossuary)
  A hound skeleton (D:9)
  2 mummies (Ossuary)
  A worker ant zombie (D:5)
  5 gnolls
  22 adders
  33 river rats
  4 shadow imps
  An ooze (D:7)
  An adder zombie (D:6)
  4 adder skeletons
  6 worms
  9 giant geckos
  123 orcs
  4 ball pythons
  15 bats
  10 giant cockroaches
  11 goblins
  4 hobgoblins
  5 jackals
  20 kobolds
  4 quokkas
  A giant gecko skeleton (D:7)
  12 giant newts
  4 gnoll zombies (Ossuary)
  A hobgoblin zombie (Ossuary)
  A jackal skeleton (D:5)
  A jackal zombie (D:8)
  2 orc zombies (Ossuary)
  A quokka zombie (D:8)
  32 rats
1013 creatures vanquished.

Vanquished Creatures (others)
  A human (D:15)
  An ogre (Orc:4)
  An orc priest (Orc:4)
  19 fungi
  7 plants
29 creatures vanquished.

Grand Total: 1042 creatures vanquished

Notes
Turn   | Place    | Note
--------------------------------------------------------------
     0 | D:1      | MuMo the Demonspawn Gladiator began the quest for the Orb.
     0 | D:1      | Reached XP level 1. HP: 27/27 MP: 9/9
   147 | D:1      | Gained mutation: You are slightly more attuned to the shadows. [demonic ancestry]
   147 | D:1      | Reached XP level 2. HP: 30/38 MP: 10/10
   308 | D:1      | Reached XP level 3. HP: 36/45 MP: 12/12
   588 | D:1      | Reached skill level 1 in Stealth
  1340 | D:2      | Reached XP level 4. HP: 54/54 MP: 13/13
  1720 | D:2      | Found an ancient bone altar of Kikubaaqudgha.
  1783 | D:2      | Reached skill level 1 in Armour
  1981 | D:3      | Gained mutation: You have sharp toenails. [demonic ancestry]
  1981 | D:3      | Reached XP level 5. HP: 61/62 MP: 15/15
  2067 | D:3      | Found a glowing drain.
  2091 | Sewer    | Entered a sewer
  2277 | Sewer    | Reached skill level 1 in Shields
  2326 | Sewer    | Gained mutation: You regenerate a little health from kills. [demonic ancestry]
  2326 | Sewer    | Reached XP level 6. HP: 68/71 MP: 16/16
  2714 | D:3      | Found a faded altar to an unknown god.
  2869 | D:3      | Found an opulent altar of Gozag.
  3283 | D:4      | Gained mutation: You are partially covered in icy blue scales (AC +1). [demonic ancestry]
  3283 | D:4      | Reached XP level 7. HP: 78/78 MP: 18/18
  3302 | D:4      | Reached skill level 5 in Dodging
  3307 | D:4      | Reached skill level 2 in Shields
  3361 | D:4      | Noticed Blork the orc
  3379 | D:4      | Killed Blork the orc
  3438 | D:4      | Reached skill level 1 in Short Blades
  3718 | D:4      | Found a stormy altar of Qazlal.
  3756 | D:5      | Entered Level 5 of the Dungeon
  3774 | D:5      | Noticed Edmund
  3792 | D:5      | Killed Edmund
  3792 | D:5      | Reached skill level 3 in Shields
  3792 | D:5      | Gained mutation: You regenerate health from kills. [demonic ancestry]
  3792 | D:5      | Reached XP level 8. HP: 89/89 MP: 19/19
  3878 | D:5      | Reached skill level 5 in Stealth
  3890 | D:5      | Reached skill level 4 in Shields
  4085 | D:5      | Reached skill level 5 in Shields
  4126 | D:5      | Noticed Grinder
  4142 | D:5      | Killed Grinder
  4142 | D:5      | Gained mutation: You have razor-sharp toenails. [demonic ancestry]
  4142 | D:5      | Reached XP level 9. HP: 70/98 MP: 21/21
  4317 | D:6      | Reached skill level 6 in Shields
  4534 | D:6      | Found a deep blue altar of Sif Muna.
  4823 | D:6      | Found a radiant altar of Vehumet.
  5111 | D:6      | Found a staircase to the Ecumenical Temple.
  5117 | Temple   | Entered the Ecumenical Temple
  5315 | Temple   | Became a worshipper of Dithmenos the Shadowed
  5431 | D:7      | Identified a scroll of acquirement
  5480 | D:7      | Found a sand-covered staircase.
  5492 | Ossuary  | Entered an ossuary
  5670 | Ossuary  | Reached skill level 7 in Shields
  6050 | D:7      | Reached * piety under Dithmenos
  6384 | D:7      | Gained mutation: You regenerate a lot of health from kills. [demonic ancestry]
  6384 | D:7      | Reached XP level 10. HP: 110/110 MP: 22/22
  6745 | D:8      | Reached ** piety under Dithmenos
  6865 | D:8      | Noticed Psyche
  6873 | D:8      | Killed Psyche
  6873 | D:8      | Reached skill level 8 in Shields
  7090 | D:9      | Noticed a cyclops
  7100 | D:9      | Killed a cyclops
  7274 | D:9      | Reached skill level 5 in Long Blades
  7294 | D:9      | Reached XP level 11. HP: 119/119 MP: 17/24
  7327 | D:9      | Reached *** piety under Dithmenos
  7327 | D:9      | Reached skill level 9 in Shields
  7424 | D:9      | Found a staircase to the Lair.
  7752 | D:10     | Entered Level 10 of the Dungeon
  7815 | D:10     | Found a staircase to the Orcish Mines.
  8172 | D:10     | Killed an unseen horror
  8509 | D:10     | Reached **** piety under Dithmenos
  8509 | D:10     | Reached skill level 10 in Shields
  8738 | Orc:1    | Entered Level 1 of the Orcish Mines
  9266 | Orc:2    | Reached ***** piety under Dithmenos
  9491 | Orc:3    | Noticed an orc warlord
  9522 | Orc:3    | Killed an orc warlord
  9522 | Orc:3    | Gained mutation: You are mostly covered in icy blue scales (AC +3, EV -1). [demonic ancestry]
  9522 | Orc:3    | Reached XP level 12. HP: 65/131 MP: 6/25
 10543 | Orc:3    | Found a staircase to the Elven Halls.
 10958 | Orc:4    | Entered Level 4 of the Orcish Mines
 11103 | Orc:4    | Noticed an ogre mage
 11103 | Orc:4    | Noticed an ogre mage
 11120 | Orc:4    | Reached skill level 11 in Shields
 11139 | Orc:4    | Reached skill level 5 in Fighting
 11321 | Orc:4    | Found Biwkoch's Armour Shoppe.
 11460 | Orc:4    | Noticed an ogre mage
 11533 | Orc:4    | Killed an ogre mage
 11533 | Orc:4    | Reached skill level 10 in Dodging
 11533 | Orc:4    | Reached skill level 10 in Stealth
 11793 | Orc:4    | Killed an ogre mage
 11796 | Orc:4    | Found Foparrug's Jewellery Emporium.
 11796 | Orc:4    | Found Fyisk's Armour Shop.
 11796 | Orc:4    | Found Dijuatos's Food Shop.
 11796 | Orc:4    | Found Aruzid's Antique Armour Shoppe.
 11799 | Orc:4    | Gained mutation: You are completely covered in icy blue scales (AC +4, EV -1, rC+). [demonic ancestry]
 11799 | Orc:4    | Reached XP level 13. HP: 141/141 MP: 27/27
 11873 | Orc:4    | Bought the +2 pair of gloves of Tenacity {rElec rPois Regen+ Stlth+} for 355 gold pieces
 11884 | Orc:4    | Bought the +2 cloak of the Thief {+Fog Slay-2 SInv Stlth+} for 1763 gold pieces
 12769 | D:11     | Reached skill level 12 in Shields
 12950 | D:11     | Reached ****** piety under Dithmenos
 13140 | D:12     | Noticed Josephine
 13178 | D:12     | Killed Josephine
 14020 | D:12     | Found a shimmering altar of Xom.
 14786 | D:11     | Found a sparkling altar of Nemelex Xobeh.
 15214 | Lair:1   | Entered Level 1 of the Lair of Beasts
 15350 | Lair:1   | Reached XP level 14. HP: 155/155 MP: 28/28
 16150 | Lair:2   | Reached skill level 13 in Shields
 16642 | Lair:3   | Reached skill level 1 in Invocations
 16818 | Lair:3   | Noticed Username's ghost (journeyman MiGl)
 17126 | Lair:3   | Killed Username's ghost
 17126 | Lair:3   | Reached skill level 10 in Long Blades
 18895 | D:13     | Found Otuafum's Book Shoppe.
 18957 | D:13     | Found Bots's Armour Shop.
 19007 | D:13     | Found a gate to the Vaults.
 19117 | D:13     | Found Effan's Antique Weapon Shoppe.
 19194 | D:13     | Found Atwi's Distillery.
 19201 | D:13     | Bought a potion of mutation for 45 gold pieces
 19201 | D:13     | Gained mutation: You emit clouds of smoke. [potion of mutation]
 19201 | D:13     | Gained mutation: Your flesh is cold resistant. [potion of mutation]
 19201 | D:13     | Gained mutation: Your mind is acute. (Int +2) [potion of mutation]
 19204 | D:13     | Bought a potion of curing for 54 gold pieces
 19204 | D:13     | Bought a potion of invisibility for 144 gold pieces
 19204 | D:13     | Bought 2 potions of agility for 144 gold pieces
 19228 | D:13     | Found Fyddelirph's Magic Scroll Shoppe.
 19231 | D:13     | Bought a scroll of teleportation for 33 gold pieces
 19231 | D:13     | Bought a scroll of enchant armour for 82 gold pieces
 19231 | D:13     | Bought a scroll of acquirement for 572 gold pieces
 20275 | D:15     | Entered Level 15 of the Dungeon
 20378 | D:15     | Reached XP level 15. HP: 156/167 MP: 30/34
 20412 | D:15     | Found a staircase to the Depths.
 20803 | D:15     | Reached skill level 14 in Shields
 20915 | D:15     | Noticed Kirke
 20925 | D:15     | Killed Kirke
 22343 | Lair:4   | Found a labyrinth entrance.
 22351 | Lab      | Entered a labyrinth
 23237 | Lab      | Reached skill level 15 in Shields
 23239 | Lab      | Got a translucent ruby amulet
 23403 | Lair:4   | Gained mutation: You are clumsy. (Dex -2) [potion of mutation]
 23403 | Lair:4   | Gained mutation: Your stamina capacity is low (-25% SP). [potion of mutation]
 23720 | Lair:4   | Noticed Snorg
 23734 | Lair:4   | Killed Snorg
 23746 | Lair:4   | Got a distressingly furry chain mail
 23757 | Lair:4   | Identified the +4 chain mail of Honour {Stlth+} (You found it on level 4 of the Lair of Beasts)
 24218 | Lair:4   | Identified the amulet "Ranimif" {RegenMP *Contam rN++ Int+3 Stlth+} (You found it in a labyrinth)
 24520 | Lair:5   | Reached skill level 5 in Armour
 24676 | Lair:5   | Reached XP level 16. HP: 177/177 MP: 36/36
 25342 | Lair:6   | Found a staircase to the Snake Pit.
 25565 | Lair:6   | Found a staircase to the Shoals.
 25678 | Lair:6   | Found a staircase to the Slime Pits.
 25678 | Lair:6   | Found a viscous altar of Jiyva.
 26865 | Lair:8   | Entered Level 8 of the Lair of Beasts
 27510 | Lair:8   | Noticed Nessos
 27609 | Lair:8   | Killed Nessos
 28100 | Snake:1  | Entered Level 1 of the Snake Pit
 28385 | Snake:1  | Identified the Collected Works on Enchantment and Dislocation
 28726 | Snake:1  | Reached XP level 17. HP: 182/191 MP: 37/37
 29252 | Snake:2  | Noticed Vashnia
 29291 | Snake:2  | HP: 2/191 [naga sharpshooter/silver bolt[Vashnia] (27)]
 29291 | Snake:2  | Shot with a silver bolt by a naga sharpshooter

Skill      XL: |  1  2  3  4  5  6  7  8  9 10 11 12 13 14 15 16 17 |
---------------+----------------------------------------------------+-----
Long Blades    | 3 5 6 7 9 10 11 12 | 12.1
Dodging        | 3 4 5 6 7 8 9 10 11 12 | 12.6
Stealth        | 1 2 3 4 5 6 8 9 10 11 12 13 | 13.7
Armour         | 1 2 3 4 5 6 7 |  7.0
Shields        | 1 3 5 7 8 10 11 12 13 15 | 15.7
Fighting       | 2 3 4 5 6 7 8 |  8.8
Short Blades   | 1 2 |  2.4
Invocations    | 4 |  4.4
Throwing       | |  1.7

Action                   |  1- 3 |  4- 6 |  7- 9 | 10-12 | 13-15 | 16-18 || total
-------------------------+-------+-------+-------+-------+-------+-------++-------
Melee: Long sword        |    65 |       |       |       |       |       ||    65
       Dagger            |    40 |   248 |   307 |       |       |       ||   595
       Demon blade       |       |       |   131 |  1036 |  1881 |  1030 ||  4078
Evoke: Wand              |       |       |       |       |     6 |       ||     6
  Use: Scroll            |       |     4 |     7 |     4 |     8 |     1 ||    24
       Potion            |       |     5 |       |    10 |     6 |     4 ||    25
 Stab: Sleeping          |     5 |    16 |    17 |    34 |    83 |    42 ||   197
       Distracted        |       |       |     2 |     4 |    10 |     5 ||    21
Armor: Leather armour    |    45 |    89 |    72 |   253 |   188 |       ||   647
       Troll leather arm |       |       |       |       |   120 |       ||   120
       Chain mail        |       |       |       |       |    43 |   491 ||   534
Dodge: Dodged            |    75 |   153 |   135 |   876 |   829 |   561 ||  2629
Block: Large shield      |       |    21 |   395 |  1516 |  1360 |       ||  3292
       Shield            |       |       |       |       |   218 |   803 ||  1021
